 Dungeon Crawl Stone Soup version 0.29-a0-962-gc8bbfd0a37 (webtiles) character file.

Game seed: 17768684489002485767

39 Sabo the Digger (level 3, -1/19 HPs)
             Began as a Gargoyle Earth Elementalist on July 31, 2022.
             Slain by an orc
             ... wielding a +0 flail
              (4 damage)
             ... on level 3 of the Dungeon.
             The game lasted 00:14:11 (3146 turns).

Sabo the Digger (Gargoyle Earth Elementalist)       Turns: 3146, Time: 00:14:12

Health: -1/19      AC:  5    Str: 11    XL:     3   Next: 47%
Magic:  4/6        EV: 12    Int: 17    God:
Gold:   89         SH:  0    Dex: 10    Spells: 6/7 levels left

rFire   + . .      SeeInvis .   c - staff of conjuration
rCold   + . .      Faith    .   (no shield)
rNeg    + . .      Spirit   .   a - +0 robe
rPois   ∞          Reflect  .   (no helmet)
rElec   +          Harm     .   (no cloak)
rCorr   .          Rampage  .   (no gloves)
Will    .....                   (no boots)
Stlth   ++........              (no amulet)
HPRegen 0.06/turn               m - ring of protection from fire
MPRegen 0.10/turn               o - ring of protection from cold

@: no status effects
A: sickness immunity, AC +3, negative energy resistance 1, electricity
resistance, torment resistance 1, petrification resistance
a: no special abilities


You were on level 3 of the Dungeon.
You visited 1 branch of the dungeon, and saw 3 of its levels.

You collected 89 gold pieces.

Inventory:

Hand Weapons
 d - a +0 mace
Missiles
 f - 4 javelins (quivered)
Armour
 a - a +0 robe (worn)
Magical Staves
 c - a staff of conjuration (weapon)
Jewellery
 m - a ring of protection from fire (left hand)
 o - a ring of protection from cold (right hand)
Scrolls
 e - a scroll of poison
 j - a scroll of amnesia {unknown}
 k - a scroll of blinking {unknown}
 l - a scroll of summoning {unknown}
Potions
 b - a potion of magic
 h - a potion of berserk rage {unknown}
 i - 3 potions of curing {unknown}
 n - a potion of haste {unknown}


   Skills:
 + Level 1.7 Dodging
 + Level 2.2 Stealth
 + Level 2.6 Spellcasting
 + Level 0.7 Transmutations
 + Level 4.6 Earth Magic


You had 6 spell levels left.
You knew the following spells:

 Your Spells              Type           Power      Damage    Failure   Level
a - Sandblast             Erth           36%        2d10      2%          1

Your spell library contained the following spells:

 Spells                   Type           Power      Damage    Failure   Level
 Passwall                 Tmut/Erth      9%         N/A       9%          2
 Sting                    Tmut/Pois      12%        1d3       16%         1
 Stone Arrow              Conj/Erth      30%        3d8       22%         3
 Poisonous Vapours        Pois/Air       4%         N/A       28%         2
 Petrify                  Tmut/Erth      11%        N/A       52%         4
 Olgreb's Toxic Radiance  Pois           2%         N/A       88%         4
 Passage of Golubria      Tloc           2%         N/A       88%         4
 Silence                  Hex/Air        1%         N/A       99%         5
 Lehudib's Crystal Spear  Conj/Erth      7%         10d3      100%        8


Dungeon Overview and Level Annotations

Branches:
Dungeon (3/15)

Altars:


Innate Abilities, Weirdness & Mutations

You are immune to sickness and miasma.
Your stone body is resilient. (AC +3)
You are immune to poison.
You resist negative energy. (rN+)
You are resistant to electric shocks. (rElec)
You are resistant to unholy torment.
You are immune to petrification.


Message History

You open the door.
There is an open door here.
You see here 2 stones.
As you read the scroll labelled IPLAUNWISM, it crumbles to dust.
The air around you briefly surges with heat, but it dissipates.
It was a scroll of immolation.
There is a stone staircase leading down here.
You climb downwards.
Found a book of the Moon.
Found a stone staircase leading down.
There is a stone staircase leading up here.
You pick up a book of the Moon and begin reading...
You add the spells Passage of Golubria, Silence and Lehudib's Crystal Spear to your library.
Okay, then.
An orc comes into view.
It is wielding a +0 flail and wearing a +2 scale mail of cold resistance.
An orc comes into view. It is wielding a +0 hand axe.
The orc shouts! x2
The orc hits you with a +0 flail.
You hear a shout!
The orc hits you with a +0 flail. The orc attacks as you move away!
The orc hits you with a +0 flail. The orc attacks as you move away!
The orc completely misses you.
Casting: Sandblast (safe; 2% risk of failure)
Confirm with . or Enter, or press ? or * to list all spells.
Aiming: Sandblast (safe; 2% risk of failure)
Press: ? - help, Shift-Dir - straight line, f - orc
Aim: an orc, wielding a +0 flail and wearing a +2 scale mail of cold resistance (84% to hit)
The blast of sand hits the orc but does no damage.
The orc closely misses you. The orc hits you with a +0 flail!
* * * LOW HITPOINT WARNING * * *
Unknown command.
Casting: Sandblast (safe; 2% risk of failure)
Confirm with . or Enter, or press ? or * to list all spells.
Aiming: Sandblast (safe; 2% risk of failure)
Press: ? - help, Shift-Dir - straight line, f/p - orc
Aim: an orc, wielding a +0 flail and wearing a +2 scale mail of cold resistance (84% to hit)
The blast of sand hits the orc but does no damage.
The orc barely misses you.
A bat comes into view.
The orc hits you with a +0 flail.
You die...

.# #. .# #. .# #.
##.## # #. ##<..##
#.#.#########.....####
.....................
##..#######.....####
#....oo@......>##
#.b.#########.##
#.....# ## ###..##
#... .o.. ##.### #. #.


You could see 2 orcs and a bat.

Vanquished Creatures
  An adder (D:2)
  3 dart slugs
  3 endoplasms
  A giant cockroach (D:1)
  3 goblins
  2 hobgoblins (D:1)
  5 bats
  A frilled lizard (D:1)
  5 kobolds
  2 rats (D:1)
26 creatures vanquished.

Notes
Turn   | Place    | Note
-------+----------+-------------------------------------------
     0 | D:1      | Sabo the Gargoyle Earth Elementalist began the quest for
                  | the Orb.
     0 | D:1      | Reached XP level 1. HP: 10/10 MP: 3/3
   415 | D:1      | Reached skill level 4 in Earth Magic
   415 | D:1      | Reached XP level 2. HP: 15/15 MP: 3/5
  1882 | D:2      | Reached XP level 3. HP: 19/19 MP: 6/6
  3146 | D:3      | Slain by an orc

Illustrated notes

Levels and vault maps discovered:
D:1:      mainiacjoe_arrival_reflecting_pool, layout_basic
D:2:      layout_basic
D:3:      layout_loops_ring, nicolae_dithmenos_shadow_blocks,
          nicolae_uskayaw_suspiria, overflow_temple_1_default,
          nzn_wu_jian_council_hall, uniq_natasha, uniq_robin

Skill      XL: |  1 |
---------------+----+-----
Earth Magic    | 4 |  4.6
Dodging        | |  1.7
Stealth        | |  2.2
Spellcasting   | |  2.6
Transmutations | |  0.7

Action                   || total
-------------------------++-------
Melee: Staff             ||    17
       Punch             ||     1
 Cast: Sandblast         ||    31
  Use: Scroll            ||     5
Armor: Robe              ||     6
Dodge: Dodged            ||    15

Table legend: (Time is in decaauts)
 A = Elapsed time spent in this place.
 B = Non-inter-level travel time spent in this place.
 C = Inter-level travel time spent in this place.
 D = Time resting spent in this place.
 E = Time spent auto-exploring this place.
 F = Levels seen in this place.
 G = Mean time per level.
                   A        B        C        D        E       F      G
               +--------+--------+--------+--------+--------+-----+--------+
         Total |   3176 |   3176 |      0 |   1442 |      0 |   3 | 1058.7 |
       Dungeon |   3176 |   3176 |      0 |   1442 |      0 |   3 | 1058.7 |
               +--------+--------+--------+--------+--------+-----+--------+

Top non-repeatable levels by time:
     D:1: 1657 daAuts
     D:2: 1490 daAuts
     D:3: 28 daAuts
